 Dungeon Crawl Stone Soup version 0.27-a0-1595-g0b823d0a13 (webtiles) character file.

Game seed: 7821559682500556141

1901 HAL9000 the Slicer (level 9, -4/42 HPs)
             Began as a Vine Stalker Brigand on July 20, 2021.
             Killed by divine providence
             ... invoked by an orc priest
              (13 damage)
             ... on level 6 of the Dungeon.
             The game lasted 00:08:14 (5177 turns).

HAL9000 the Slicer (Vine Stalker Brigand)           Turns: 5177, Time: 00:08:14

Health: -4/42      AC:  4    Str: 16    XL:     9   Next: 15%
Magic:  0/10       EV: 11    Int: 12    God:
Gold:   225        SH:  0    Dex: 16    Spells: 8/8 levels left

rFire    + . .     SeeInvis .   i - +2 dagger (speed)
rCold    . . .     Faith    .   (no shield)
rNeg     . . .     Spirit   +   b - +0 robe
rPois    .         Reflect  .   (no helmet)
rElec    .         Harm     .   c - +0 cloak
rCorr    +         Rampage  .   (no gloves)
Will     +....                  h - +0 pair of boots
Stlth    +++.......             (no amulet)
HPRegen  1.14/turn              k - ring of protection from fire
MPRegen  0.12/turn              g - ring of resist corrosion

@: no status effects
A: fangs 3, regeneration 1, magic shield, antimagic bite, no potion heal 2
a: no special abilities


You were on level 6 of the Dungeon.
You visited 1 branch of the dungeon, and saw 6 of its levels.
You also visited: Sewer.

You collected 225 gold pieces.

Inventory:

Hand Weapons
 a - a +2 dagger
 i - a +2 dagger of speed (weapon)
Missiles
 d - 76 poisoned darts (quivered)
 e - 2 curare-tipped darts
 f - a throwing net
 t - 2 boomerangs of dispersal
Armour
 b - a +0 robe (worn)
 c - a +0 cloak (worn)
 h - a +0 pair of boots (worn)
Jewellery
 g - a ring of resist corrosion (right hand)
 k - a ring of protection from fire (left hand)
 x - a ring of ice
Wands
 o - a wand of mindburst (10)
 D - a wand of flame (22)
Scrolls
 j - a scroll of holy word {unknown}
 m - 2 scrolls of blinking {unknown}
 q - 2 scrolls of magic mapping {unknown}
 s - 3 scrolls of teleportation {unknown}
 v - a scroll of amnesia {unknown}
 w - a scroll of vulnerability {unknown}
 y - 2 scrolls of identify
 z - 3 scrolls of fear {unknown}
 A - a scroll of enchant armour {unknown}
 B - a scroll of fog {unknown}
 C - a scroll of immolation {unknown}
Potions
 l - 2 potions of curing
 n - a potion of mutation
 p - 2 potions of might
 r - 2 potions of attraction
 u - 2 potions of cancellation {unknown}
 E - a potion of flight {unknown}


   Skills:
 - Level 1.7 Fighting
 + Level 9.0 Short Blades
 - Level 6.2 Throwing
 - Level 0.7 Dodging
 - Level 4.8 Stealth


You had 8 spell levels left.
You didn't know any spells.
Your spell library contained the following spells:

 Spells                   Type           Power      Damage    Failure   Level
 Freeze                   Ice            0%         1d3       32%         1
 Pain                     Necr           0%         1d4       32%         1
 Sandblast                Erth           0%         2d4       32%         1
 Passwall                 Tmut/Erth      0%         N/A       45%         2
 Static Discharge         Conj/Air       0%         N/A       45%         2
 Frozen Ramparts          Ice            0%         1d2       69%         3
 Hailstorm                Conj/Ice       0%         3d3       97%         4
 Agony                    Necr           0%         N/A       100%        5
 Excruciating Wounds      Necr           0%         N/A       100%        5
 Lee's Rapid Deconstruct  Erth           0%         3d5*      100%        5
 Lightning Bolt           Conj/Air       0%         1d11      100%        5
 Maxwell's Capacitive Co  Air            0%         ∞         100%        8


Dungeon Overview and Level Annotations

Branches:
Dungeon (6/15)             Temple (0/1) D:4           Sewer (visited)

Altars:
Ru
Sif Muna

Shops:
D:6 !


Innate Abilities, Weirdness & Mutations

You have razor-sharp teeth.
Your natural rate of healing is unusually fast.
When hurt, damage is shared between your health and your magic reserves.
Your bite disrupts and absorbs the magic of your enemies.
Potions cannot restore your health.


Message History

The phantom is almost destroyed.
The orc priest shouts!
The orc wizard shouts!
You hit the phantom. You bite the phantom, but do no damage.
The phantom is almost destroyed.
You closely miss the phantom. Your bite misses the phantom.
The phantom is almost destroyed.
The orc wizard casts a spell at you. The puff of flame misses you.
The phantom completely misses you.
You completely miss the phantom. You bite the phantom.
You destroy the phantom!
Your Short Blades skill increases to level 9!
The orc wizard points at you and mumbles some strange words.
You are confused.
The orc priest calls down the wrath of Beogh upon you.
Beogh smites you! The orc priest barely misses you.
The orc priest hits you from afar with a +0 trident!
The orc priest hits you with a +0 club.
The orc priest invokes the aid of Beogh against you.
You resist with significant effort. The orc wizard misses you.
The orc priest hits you with a +0 club.
The orc priest hits you with a +0 trident.
The orc wizard hits you but does no damage.
The orc priest hits you but does no damage.
The orc priest hits you from afar with a +0 trident!
The orc priest mumbles some strange prayers to Beogh against you.
You resist with significant effort.
The orc priest looks satisfied for a moment.
The orc wizard mumbles some strange words.
The orc wizard flickers and vanishes!
Deactivating autopickup; reactivate with Ctrl-A.
The orc priest calls down the wrath of Beogh upon you.
Beogh smites you!
* * * LOW HITPOINT WARNING * * *
You feel less confused.
A necrophage comes into view.
The orc priest barely misses you.
The orc priest calls down the wrath of Beogh upon you.
Beogh smites you!
You die...

#.#.####.#.# ###
#.#......#.#
#.#......#.#
#.#.####.#.#
#....<[..#.#
##########.#
#..........#
#.##########+####
#........@......#
##########.)....#
#.oo...#
#....!n##.
#..........
#..........
#..........
###########


You could see a necrophage and 2 orc priests.

Vanquished Creatures
  Pikel (D:4)
  Sigmund (D:5)
  A black bear (D:3)
  2 necrophages (D:4)
  2 ogres (D:4)
  3 phantoms
  A kobold brigand (Sewer)
  3 scorpions
  An orc priest (D:5)
  2 orc wizards (D:3)
  A hound zombie (D:3)
  A hound skeleton (D:4)
  11 adders
  2 river rats (Sewer)
  6 worms
  5 dart slugs
  11 orcs
  12 ball pythons
  6 endoplasms
  4 giant cockroaches
  7 goblins
  2 hobgoblins
  14 jackals
  4 quokkas
  10 bats
  2 frilled lizards (D:2)
  20 kobolds
  7 rats
142 creatures vanquished.

Notes
Turn   | Place    | Note
-------+----------+-------------------------------------------
     0 | D:1      | HAL9000 the Vine Stalker Brigand began the quest for the
                  | Orb.
     0 | D:1      | Reached XP level 1. HP: 11/11 MP: 2/2
    25 | D:1      | Reached XP level 2. HP: 5/15 MP: 3/3
   726 | D:1      | Reached XP level 3. HP: 5/18 MP: 1/4
  1915 | D:2      | Gained mutation: Your natural rate of healing is unusually
                  | fast. [Vine Stalker growth]
  1915 | D:2      | Reached XP level 4. HP: 23/23 MP: 5/5
  2317 | D:3      | Reached XP level 5. HP: 21/26 MP: 6/6
  2542 | D:3      | Noticed a black bear
  2558 | D:3      | Killed a black bear
  2559 | D:3      | Reached skill level 5 in Throwing
  2559 | D:3      | Reached XP level 6. HP: 25/30 MP: 4/7
  2628 | D:3      | Found a sacrificial altar of Ru.
  2999 | D:4      | Noticed a necrophage
  3027 | D:4      | Killed a necrophage
  3028 | D:4      | Reached skill level 2 in Short Blades
  3028 | D:4      | Reached XP level 7. HP: 28/34 MP: 6/8
  3064 | D:4      | Identified the +5 hand axe of the Chain {venom, rC+ Dex+3}
  3156 | D:4      | Reached skill level 3 in Short Blades
  3405 | D:4      | Reached skill level 4 in Short Blades
  3572 | D:4      | Found a shimmering blue altar of Sif Muna.
  3605 | D:4      | Noticed Pikel
  3650 | D:4      | Killed Pikel
  3651 | D:4      | Reached skill level 6 in Short Blades
  3651 | D:4      | Gained mutation: You have razor-sharp teeth. [Vine Stalker
                  | growth]
  3651 | D:4      | Reached XP level 8. HP: 25/38 MP: 7/9
  3883 | D:4      | Found a staircase to the Ecumenical Temple.
  3950 | D:5      | Entered Level 5 of the Dungeon
  3980 | D:5      | Reached skill level 7 in Short Blades
  4194 | D:5      | Found a glowing drain.
  4207 | Sewer    | Entered a sewer
  4762 | D:5      | Noticed Sigmund
  4784 | D:5      | Killed Sigmund
  4785 | D:5      | Reached skill level 8 in Short Blades
  4785 | D:5      | Reached XP level 9. HP: 42/42 MP: 10/10
  5121 | D:6      | Found Ruwopne's Distillery.
  5168 | D:6      | Reached skill level 9 in Short Blades
  5177 | D:6      | Killed from afar by an orc priest

Illustrated notes

Levels and vault maps discovered:
D:1:      minmay_arrival_radiant_lines, layout_basic
D:2:      layout_rooms, amethyst_killhole
D:3:      layout_loops_cross, mainiacjoe_overflow_alcove_4,
          minmay_misc_feat_cross
D:4:      layout_loops_cross, mainiacjoe_overflow_boulevard,
          minmay_temple_entry_enclosed_plants, grunt_ministairs_2,
          minmay_unequal, uniq_pikel
D:5:      layout_gridville, portal_sewer_entry_b, uniq_sigmund
D:6:      layout_basic, mainiacjoe_overflow_swirl, nicolae_take_the_stairs

Skill      XL: |  1  2  3  4  5  6  7  8  9 |
---------------+----------------------------+-----
Throwing       | 2 3 4 5 6 |  6.2
Short Blades   | 2 6 8 9 |  9.0
Fighting       | |  1.7
Dodging        | |  0.7
Stealth        | |  4.8

Action                   |  1- 3 |  4- 6 |  7- 9 || total
-------------------------+-------+-------+-------++-------
Melee: Dagger            |   111 |   139 |   189 ||   439
       Bite              |    27 |    35 |    59 ||   121
Throw: Dart              |    13 |    13 |   118 ||   144
  Use: Scroll            |       |     3 |     4 ||     7
 Stab: Sleeping          |    11 |     6 |     3 ||    20
Armor: Robe              |    40 |    23 |    23 ||    86
Dodge: Dodged            |    61 |    39 |    46 ||   146

Table legend: (Time is in decaauts)
 A = Elapsed time spent in this place.
 B = Non-inter-level travel time spent in this place.
 C = Inter-level travel time spent in this place.
 D = Time resting spent in this place.
 E = Time spent auto-exploring this place.
 F = Levels seen in this place.
 G = Mean time per level.
                   A        B        C        D        E       F      G
               +--------+--------+--------+--------+--------+-----+--------+
         Total |   5008 |   4905 |    103 |    344 |   3450 |   7 |  715.4 |
       Dungeon |   4653 |   4550 |    103 |    344 |   3283 |   6 |  775.5 |
         Sewer |    355 |    355 |      0 |      0 |    166 |   1 |  355.0 |
               +--------+--------+--------+--------+--------+-----+--------+

Top non-repeatable levels by time:
     D:1: 1602 daAuts
     D:4: 922 daAuts
     D:3: 775 daAuts
     D:5: 741 daAuts
     D:2: 519 daAuts
   Sewer: 355 daAuts
     D:6: 92 daAuts
